 Dungeon Crawl Stone Soup version 0.27-a0-362-g8331d791d5 (webtiles) character file.

Game seed: 8656906247504141747

141 Chiseanne the Skirmisher (level 5, -15/41 HPs)
             Began as a Demonspawn Wanderer on Feb 16, 2021.
             Demolished by an ogre
             ... wielding a +0 giant club
              (17 damage)
             ... on level 3 of the Dungeon.
             The game lasted 00:05:06 (2155 turns).

Chiseanne the Skirmisher (Demonspawn Wanderer)      Turns: 2155, Time: 00:05:07

Health: -15/41     AC:  4    Str: 11    XL:     5   Next: 3%
Magic:  8/8        EV: 12    Int: 15    God:
Gold:   73         SH:  0    Dex: 13    Spells: 8/9 levels left

rFire    . . .     SeeInvis .   d - +3 whip (vamp)
rCold    . . .     Faith    .   (no shield)
rNeg     . . .     Spirit   .   i - +0 leather armour
rPois    .         Reflect  .   (helmet restricted)
rElec    .         Harm     .   (no cloak)
rCorr    .         Rampage  .   (no gloves)
Will     .....                  (no boots)
Stlth    +.........             (no amulet)
HPRegen  0.13/turn              (no ring)
MPRegen  0.11/turn              (no ring)

@: no status effects
A: horns 1, sharp scales 1
a: no special abilities


You were on level 3 of the Dungeon.
You visited 1 branch of the dungeon, and saw 4 of its levels.

You collected 73 gold pieces.

Inventory:

Hand Weapons
 a - a +5 short sword
 d - a +3 vampiric whip (weapon)
 s - a +2 vorpal spear
Armour
 i - a +0 leather armour (worn)
Scrolls
 c - a scroll of amnesia {unknown}
 e - a scroll of magic mapping {unknown}
 f - a scroll of enchant armour {unknown}
 h - a scroll of identify {unknown}
Potions
 b - 2 potions of curing
 g - a potion of heal wounds {unknown}


   Skills:
 * Level 3.5 Fighting
 - Level 1.0 Throwing
 * Level 1.2 Armour
 * Level 2.3 Dodging
 - Level 1.0 Shields
 - Level 1.0 Unarmed Combat
 - Level 2.5 Spellcasting
 - Level 1.0 Conjurations
 - Level 1.7 Ice Magic


You had 8 spell levels left.
You knew the following spells:

 Your Spells              Type           Power        Failure   Level
a - Magic Dart            Conj           16%          19%         1

Your spell library contained the following spells:

 Spells                   Type           Power        Failure   Level
 Summon Small Mammal      Summ           4%           28%         1
 Searing Ray              Conj           8%           28%         2
 Dazzling Flash           Conj/Hex       6%           56%         3
 Call Canine Familiar     Summ           1%           63%         3
 Fulminant Prism          Conj/Hex       1%           92%         4
 Iskenderun's Mystic Bla  Conj/Tloc      3%           92%         4


Dungeon Overview and Level Annotations

Branches:
Dungeon (4/15)
 Temple: D:4-7

Altars:
Cheibriados


Innate Abilities, Weirdness & Mutations

You have a pair of small horns on your head.
You are partially covered in razor-sharp scales. (AC +1, Slay +1)


Message History

The ogre barely misses you.
The adder hisses angrily.
You hit the ogre. Your headbutt misses the ogre.
The ogre is lightly wounded.
You hit the ogre. You headbutt the ogre.
The ogre is moderately wounded.
The ogre closely misses you.
You barely miss the ogre.
The ogre is moderately wounded.
The ogre misses you.
You hit the ogre.
The ogre is moderately wounded.
The adder closely misses you.
The ogre hits you with a +0 giant club!!
The adder closely misses you.
You hit the ogre.
The ogre is heavily wounded.
The adder bites you but does no damage.
The ogre hits you with a +0 giant club!!
* * * LOW HITPOINT WARNING * * *
You hit the ogre.
You headbutt the ogre, but do no damage.
The ogre is heavily wounded.
The adder bites you but does no damage. The ogre misses you.
The adder bites you but does no damage.
Okay, then.
Okay, then.
The adder misses you.
There is a stone staircase leading up here.
The ogre barely misses you. The adder bites you.
* * * LOW HITPOINT WARNING * * *
You climb upwards.
There is a stone staircase leading down here.
You barely miss the ogre. You headbutt the ogre.
The ogre is severely wounded.
The ogre closely misses you.
You hit the ogre. You headbutt the ogre.
The ogre is severely wounded.
The ogre hits you with a +0 giant club!
You die...

##### #...####.# ## # #
#..O@....# ###8###8#
#...######
##8...8...8###.## ###
##.........##...###########
..#
#>........._#.............#
#)#
##.........####.##........#
#.#
##8...8...8####.##........#
#.# ###8###8##
#...##.......[####.## ## #
# ##.####........##[....


You could see an ogre.

Vanquished Creatures
  A howler monkey (D:4)
  A worker ant (D:4)
  3 adders
  An ooze (D:2)
  An adder skeleton (D:4)
  A worm (D:2)
  2 dart slugs (D:1)
  4 leopard geckos
  5 orcs
  A giant cockroach (D:1)
  A goblin (D:1)
  3 hobgoblins
  3 kobolds
  5 bats (D:1)
  3 frilled lizards (D:1)
  A rat (D:2)
36 creatures vanquished.

Vanquished Creatures (others)
  A leopard gecko (D:2)
1 creature vanquished.

Grand Total: 37 creatures vanquished

Notes
Turn   | Place    | Note
-------+----------+-------------------------------------------
     0 | D:1      | Chiseanne the Demonspawn Wanderer began the quest for the
                  | Orb.
     0 | D:1      | Chiseanne set off with the following items: a +0 dagger, a
                  | potion of curing, a +0 robe; and the following spells
                  | available to memorise: Magic Dart, Summon Small Mammal,
                  | Searing Ray, Dazzling Flash, Call Canine Familiar,
                  | Fulminant Prism, Iskenderun's Mystic Blast
     0 | D:1      | Reached XP level 1. HP: 16/16 MP: 3/3
     2 | D:1      | Learned a level 1 spell: Magic Dart
   238 | D:1      | Gained mutation: You have a pair of small horns on your
                  | head. [demonic ancestry]
   238 | D:1      | Reached XP level 2. HP: 9/22 MP: 0/5
   567 | D:1      | Reached skill level 1 in Dodging
   979 | D:2      | Gained mutation: You are partially covered in razor-sharp
                  | scales. (AC +1, Slay +1) [demonic ancestry]
   979 | D:2      | Reached XP level 3. HP: 10/28 MP: 0/6
  1329 | D:3      | Reached skill level 3 in Fighting
  1492 | D:3      | Found a snail-covered altar of Cheibriados.
  1756 | D:4      | Reached XP level 4. HP: 32/35 MP: 7/7
  2083 | D:4      | Reached skill level 1 in Armour
  2083 | D:4      | Reached XP level 5. HP: 41/41 MP: 3/8
  2126 | D:4      | Noticed an ogre
  2152 | D:4      | HP: 2/41 [adder (3)]
  2155 | D:3      | Demolished by an ogre

Illustrated notes

Levels and vault maps discovered:
D:1:      matt_arrival_diagonals, layout_rooms, kennysheep_pointless_box
D:2:      layout_basic, elyvilon_altar_4, corexii_shack, dk_yredelemnul_ordeal
D:3:      cheibrodos_old_hovel, layout_loops_cross,
          nicolae_overflow_hidden_temple, fedhas_altar_fruit_tree,
          nicolae_dithmenos_through_a_glass_darkly
D:4:      layout_cave_pools, kennysheep_mini_moat, kennysheep_little_box

Skill      XL: |  1  2  3  4 |
---------------+-------------+-----
Dodging        | 1 2 |  2.3
Fighting       | 3 |  3.5
Armour         | 1 |  1.2
Throwing       | |  1.0
Shields        | |  1.0
Unarmed Combat | |  1.0
Spellcasting   | |  2.5
Conjurations   | |  1.0
Ice Magic      | |  1.7

Action                   |  1- 3 |  4- 6 || total
-------------------------+-------+-------++-------
Melee: Dagger            |    27 |       ||    27
       Spear             |    39 |       ||    39
       Headbutt          |     4 |     7 ||    11
       Short sword       |     2 |    17 ||    19
       Whip              |       |    16 ||    16
 Cast: Magic Dart        |    38 |     3 ||    41
  Use: Scroll            |     1 |       ||     1
       Potion            |       |     1 ||     1
 Stab: Sleeping          |     1 |       ||     1
Armor: Robe              |    18 |       ||    18
       Leather armour    |     3 |     5 ||     8
Dodge: Dodged            |    63 |    26 ||    89

Table legend: (Time is in decaauts)
 A = Elapsed time spent in this place.
 B = Non-inter-level travel time spent in this place.
 C = Inter-level travel time spent in this place.
 D = Time resting spent in this place.
 E = Time spent auto-exploring this place.
 F = Levels seen in this place.
 G = Mean time per level.
                   A        B        C        D        E       F      G
               +--------+--------+--------+--------+--------+-----+--------+
         Total |   2164 |   2152 |     12 |   1569 |      0 |   4 |  541.0 |
       Dungeon |   2164 |   2152 |     12 |   1569 |      0 |   4 |  541.0 |
               +--------+--------+--------+--------+--------+-----+--------+

Top non-repeatable levels by time:
     D:1: 688 daAuts
     D:2: 618 daAuts
     D:3: 532 daAuts
     D:4: 325 daAuts
